 Dungeon Crawl Stone Soup version 0.31-a0-836-g3ceb0a68c4 (webtiles) character file.

Game seed: 16271830290905425537

1933 browni3141 the Geomancer (level 9, 0/61 HPs)
             Began as a Formicid Earth Elementalist on Sept 26, 2023.
             Was a Follower of Cheibriados.
             Slain by an orc warrior
             ... wielding a +0 glaive
              (14 damage)
             ... on level 6 of the Dungeon.
             The game lasted 00:16:12 (6109 turns).

browni3141 the Geomancer (FoEE)                     Turns: 6109, Time: 00:16:13

Health: 0/61       AC:  6    Str: 16    XL:     9   Next: 40%
Magic:  16/18      EV: 13    Int: 22    God:    Cheibriados [*.....]
Gold:   306        SH:  0    Dex: 17    Spells: 6/20 levels left

rFire   + . .        m - +2 spear (venom)
rCold   . . .        (no shield)
rNeg    . . .        l - +1 leather armour {rF+}
rPois   .            (helmet unavailable)
rElec   .            k - +1 cloak
rCorr   .            (no gloves)
SInv    +            (no boots)
Will    .....        (no amulet)
Stlth   +++          (no ring)
HPRegen 0.30/turn    (no ring)
MPRegen 0.16/turn

%: no passive effects
@: very slow
A: permanent stasis, dig shafts and tunnels, antennae 3, four strong arms
a: Dig, Shaft Self, Renounce Religion, Bend Time


You were on level 6 of the Dungeon.
You worshipped Cheibriados.
Cheibriados was aware of your devotion.
You visited 1 branch of the dungeon, and saw 6 of its levels.

You collected 306 gold pieces.

Inventory:

Hand Weapons
 m - a +2 spear of venom (weapon)
Missiles
 i - 6 curare-tipped darts
 s - 2 throwing nets
Armour
 a - a +0 robe
 k - a +1 cloak (worn)
 l - a +1 leather armour of fire resistance (worn)
Jewellery
 h - a ring of ice
Wands
 n - a wand of paralysis (6)
 r - a wand of light (11)
Scrolls
 c - a scroll of torment
 d - 3 scrolls of immolation
 g - a scroll of enchant armour
 o - a scroll of fog {unknown}
Potions
 b - a potion of magic
 e - a potion of might {unknown}
 f - 4 potions of curing
 j - a potion of lignification {unknown}
 p - 2 potions of degeneration {unknown}
 q - a potion of berserk rage {unknown}
 t - a potion of heal wounds {unknown}


   Skills:
 + Level 2.2 Fighting
 * Level 3.2 Dodging
 - Level 4.0 Stealth
 - Level 6.0 Spellcasting
 * Level 2.6 Conjurations
 - Level 6.0 Transmutations
 * Level 8.3 Earth Magic
 - Level 2.0 Evocations


You had 6 spell levels left.
You knew the following spells:

 Your Spells              Type           Power      Damage    Failure   Level
a - Sandblast             Erth           86%        2d18      1%          1
b - Passwall              Tmut/Erth      31%        N/A       1%          2
c - Stone Arrow           Conj/Erth      60%        3d10      3%          3
d - Petrify               Tmut/Erth      38%        N/A       6%          4
e - Brom's Barrelling Bo  Conj/Erth      30%        2d5       12%         4

Your spell library contained the following spells:

 Spells                   Type           Power      Damage    Failure   Level
 Wereblood                Tmut           33%        N/A       1%          2
 Freeze                   Ice            24%        1d4       11%         1
 Slow                     Hex            24%        N/A       11%         1
 Summon Small Mammal      Summ           24%        N/A       11%         1
 Sublimation of Blood     Necr           6%         N/A       17%         2
 Hailstorm                Conj/Ice       12%        3d5       21%         3
 Call Canine Familiar     Summ           6%         N/A       32%         3
 Confusing Touch          Hex            6%         N/A       32%         3
 Frozen Ramparts          Ice            12%        1d2       32%         3
 Sigil of Binding         Hex            6%         N/A       32%         3
 Summon Guardian Golem    Hex/Summ       6%         N/A       32%         3
 Vampiric Draining        Necr           6%         2d6       32%         3
 Summon Hydra             Summ           3%         N/A       100%        7


Dungeon Overview and Level Annotations

Branches:
Dungeon (6/15)
 Temple: D:4-7

Altars:
Cheibriados
Fedhas
Ru
Zin

Shops:
D:1 :

Annotations:
D:3 1 runed translucent door, Hubris850's ghost, amateur TrGl
D:4 3 runed translucent doors, ratmeat3's ghost, amateur TrFi


Innate Abilities, Weirdness & Mutations

You cannot be hasted, slowed, berserked, paralysed or teleported.
You can dig through walls and to a lower floor.
You have a pair of large antennae on your head. (SInv)
Your four strong arms can wield two-handed weapons with a shield.


Message History

You completely miss the black bear.
The black bear bites you but does no damage.
The black bear barely misses you. The black bear claws you.
You hit the black bear but do no damage.
The black bear is poisoned.
The black bear bites you but does no damage.
The black bear claws you.
The black bear claws you but does no damage.
You barely miss the black bear.
The black bear is lightly wounded.
The orc warrior hits you from afar with a +0 glaive!
The black bear bites you.
The black bear claws you but does no damage.
The black bear closely misses you. The orc warrior closely misses you.
Found 2 poisoned darts.
The black bear attacks as it pursues you!
The black bear bites you but does no damage.
The black bear barely misses you. The black bear claws you.
The black bear bites you but does no damage.
The black bear claws you but does no damage.
The black bear closely misses you.
The black bear looks more healthy.
Casting: Brom's Barrelling Boulder (dangerous; 12% risk of failure)
Confirm with . or Enter, or press ? or * to list all spells.
Aiming: Passwall (safe; 1% risk of failure)
Press: ? - help, Dir - move target A rock wall.
The orc warrior hits you from afar with a +0 glaive!
The black bear bites you. The black bear barely misses you.
The black bear claws you.
* * * LOW HITPOINT WARNING * * *
You begin to meditate on the wall.
You continue meditating on the rock.
The orc warrior barely misses you.
The black bear bites you but does no damage.
The black bear claws you.
* * * LOW HITPOINT WARNING * * *
The black bear misses you.
You continue meditating on the rock.
The orc warrior hits you from afar with a +0 glaive!
You die...

..........# .##....#...##......
..........# (.. ...............
..........# #.$ #.#.......###..
........#.# #.# #.##.#.##.###.#
........#.## #.# #..............
..○°....!..####.#
#....##..##..##
###.........##..###...#
##....###
{{#.........)..o##....## ##..##
{#.........##oh@......## #..#
#......#......##.##...###..###.
.......###.#.#....##.#..........
.<..... #.#......##.#..........
>#####. #....##.###...###..###.
## #....##.##...## #..# #
#..####.#...## #..# ....#
#...#.# .... # ###.. ##....
.##.. #


You could see an orc warrior, a black bear and an orc wizard.

Vanquished Creatures
  Pikel (D:4)
  3 ice beasts
  An orc warrior (D:4)
  A sky beast (D:6)
  An ogre (D:5)
  2 phantoms (D:6)
  4 lemures
  A scorpion (D:5)
  2 hounds (D:5)
  A jelly (D:5)
  3 orc priests
  4 iguanas
  5 orc wizards
  7 adders
  11 gnolls
  3 shadow imps (D:4)
  A white imp (D:5)
  An ufetubus (D:4)
  4 worms
  5 dart slugs
  14 orcs
  6 endoplasms
  2 giant cockroaches
  11 goblins
  3 hobgoblins
  5 jackals
  4 kobolds
  2 quokkas
  7 ball pythons
  3 bats (D:3)
  4 frilled lizards
  4 rats
126 creatures vanquished.

Notes
Turn   | Place    | Note
-------+----------+-------------------------------------------
     0 | D:1      | browni3141 the Formicid Earth Elementalist began the quest
                  | for the Orb.
     0 | D:1      | Reached XP level 1. HP: 13/13 MP: 3/3
   139 | D:1      | Reached skill level 1 in Fighting
   218 | D:1      | Reached XP level 2. HP: 21/21 MP: 1/5
   497 | D:1      | Found Zamos's Vocational Training.
   510 | D:1      | Reached XP level 3. HP: 26/26 MP: 4/7
  1333 | D:2      | Learned a level 2 spell: Passwall
  1337 | D:2      | Learned a level 3 spell: Stone Arrow
  1480 | D:2      | Reached XP level 4. HP: 32/32 MP: 6/9
  2056 | D:3      | Reached skill level 1 in Conjurations
  2056 | D:3      | Reached skill level 4 in Earth Magic
  2056 | D:3      | Reached XP level 5. HP: 23/37 MP: 2/11
  2236 | D:3      | Found a sacrificial altar of Ru.
  2411 | D:3      | Reached XP level 6. HP: 43/43 MP: 0/12
  2765 | D:3      | Found a runed translucent door.
  2769 | D:3      | Noticed Hubris850's ghost (amateur TrGl)
  3224 | D:4      | Reached skill level 1 in Evocations
  3311 | D:4      | Found a transporter.
  3326 | D:4      | Noticed an orc warrior
  3349 | D:4      | Noticed ratmeat3's ghost (amateur TrFi)
  3349 | D:4      | Noticed an ogre
  3351 | D:4      | Noticed a black bear
  3353 | D:4      | Found a runed translucent gate.
  3353 | D:4      | Found a runed translucent gate.
  3353 | D:4      | Found a runed translucent gate.
  3452 | D:4      | Reached skill level 5 in Earth Magic
  3497 | D:4      | Learned a level 4 spell: Petrify
  3501 | D:4      | Noticed Pikel
  3871 | D:4      | Killed an orc warrior
  3872 | D:4      | Reached XP level 7. HP: 50/50 MP: 0/13
  4236 | D:4      | Found a transporter.
  4386 | D:4      | Killed Pikel
  4387 | D:4      | Reached skill level 7 in Earth Magic
  4387 | D:4      | Reached XP level 8. HP: 31/56 MP: 2/14
  4736 | D:4      | Reached skill level 5 in Transmutations
  4736 | D:4      | Reached skill level 8 in Earth Magic
  4811 | D:4      | Found a snail-covered altar of Cheibriados.
  4821 | D:4      | Became a worshipper of Cheibriados the Contemplative
  5043 | D:5      | Entered Level 5 of the Dungeon
  5167 | D:5      | Found a glowing silver altar of Zin.
  5271 | D:5      | Reached * piety under Cheibriados
  5272 | D:5      | Reached skill level 5 in Spellcasting
  5272 | D:5      | Reached XP level 9. HP: 52/61 MP: 9/16
  5277 | D:5      | Learned a level 4 spell: Brom's Barrelling Boulder
  5434 | D:5      | Found a blossoming altar of Fedhas.
  6109 | D:6      | Slain by an orc warrior

Illustrated notes

Levels and vault maps discovered:
D:1:      amcnicky_arrival_abandoned_market, layout_loops_ring,
          nicolae_shop_vocational
D:2:      layout_basic, nicolae_wormholes
D:3:      layout_rooms, nicolae_overflow_hidden_temple,
          ebering_ghost_reflecting_pool, chequers_serial_rivers_small_b,
          nicolae_elevator_lobby_asterisk
D:4:      gammafunk_wand_slinger, layout_basic, slow_altar_2,
          gammafunk_ghost_split, hangedman_glass_teeth, uniq_pikel
D:5:      layout_rooms, nicolae_overflow_crystal_walls, fedhas_altar_3
D:6:      layout_rooms, kennysheep_vampire_church, minmay_temple_entry_ruins,
          palyth_stone_intersect, sigmund_army

Skill      XL: |  1  2  3  4  5  6  7  8  9 |
---------------+----------------------------+-----
Fighting       | 1 2 |  2.2
Spellcasting   | 3 4 5 6 |  6.0
Conjurations   | 1 2 |  2.6
Earth Magic    | 4 5 7 8 |  8.3
Transmutations | 2 3 4 5 6 |  6.0
Evocations     | 2 |  2.0
Dodging        | 2 3 |  3.2
Stealth        | 3 4 |  4.0

Action                     |  1- 3 |  4- 6 |  7- 9 || total
---------------------------+-------+-------+-------++-------
  Melee: Unarmed           |     8 |     7 |       ||    15
         Spear             |       |   101 |    78 ||   179
         Punch             |       |     1 |     2 ||     3
   Cast: Sandblast         |    48 |    39 |    27 ||   114
         Stone Arrow       |       |    18 |    21 ||    39
         Petrify           |       |     1 |     2 ||     3
         Passwall          |       |     1 |     1 ||     2
         Brom's Barrelling |       |       |     1 ||     1
  Evoke: Wand              |       |       |     1 ||     1
    Use: Scroll            |       |     2 |     2 ||     4
   Stab: Sleeping          |       |     2 |     4 ||     6
         Petrified         |       |     7 |       ||     7
         Petrifying        |       |     1 |       ||     1
 Armour: Robe              |    13 |       |       ||    13
         Leather armour    |       |    77 |    68 ||   145
  Dodge: Dodged            |    17 |    68 |    62 ||   147

Table legend: (Time is in decaauts)
 A = Elapsed time spent in this place.
 B = Non-inter-level travel time spent in this place.
 C = Inter-level travel time spent in this place.
 D = Time resting spent in this place.
 E = Time spent auto-exploring this place.
 F = Levels seen in this place.
 G = Mean time per level.
                   A        B        C        D        E       F      G
               +--------+--------+--------+--------+--------+-----+--------+
         Total |   6435 |   5687 |    748 |    306 |   4229 |   6 | 1072.5 |
       Dungeon |   6435 |   5687 |    748 |    306 |   4229 |   6 | 1072.5 |
               +--------+--------+--------+--------+--------+-----+--------+

Top non-repeatable levels by time:
     D:3: 1501 daAuts
     D:4: 1488 daAuts
     D:2: 1097 daAuts
     D:1: 1076 daAuts
     D:5: 959 daAuts
     D:6: 311 daAuts
